 Dungeon Crawl Stone Soup version 0.23.2-30-g0e89c35649 (webtiles) character file.

Game seed: 9034145552688424210

22202 doot the Eclecticist (level 12, 0/62 HPs)
             Began as a Deep Elf Conjurer on June 18, 2019.
             Was a High Priest of Sif Muna.
             Slain by a blink frog (3 damage)
             ... on level 2 of the Lair of Beasts.
             The game lasted 00:57:33 (19042 turns).

doot the Eclecticist (Deep Elf Conjurer)           Turns: 19042, Time: 00:57:33

Health: 0/62       AC: 17    Str: 12    XL:     12   Next: 60%
Magic:  25/42      EV: 13    Int: 29    God:    Sif Muna [*****.]
Gold:   951        SH:  0    Dex: 15    Spells: 3/42 levels left

rFire    + . .     SeeInvis .   M - staff of fire
rCold    . . .     Gourm    .   (no shield)
rNeg     . . .     Faith    +   s - +5 ring mail of the Spheres {*Contam rElec rCorr Int+3}
rPois    +         Spirit   .   (no helmet)
rElec    +         Reflect  .   t - +2 cloak
rCorr    +         Harm     .   O - +2 pair of gloves {Str+3}
MR       ++...                  (no boots)
Stlth    +++.......             A - amulet of Beomih {Faith Str+4}
HPRegen  0.20/turn              n - ring of magical power
MPRegen  0.28/turn              I - ring of Hoecwumn {*Slow +Inv rPois MR+ Slay+3}

@: divine energy
A: no striking features
a: Stop Divine Energy, Channel Magic, Forget Spell, Renounce Religion, Evoke
Invisibility


You were on level 2 of the Lair of Beasts.
You worshipped Sif Muna.
Sif Muna was extremely pleased with you.
You were not hungry.

You visited 4 branches of the dungeon, and saw 16 of its levels.
You also visited: Bailey.

You collected 951 gold pieces.

Inventory:

Hand Weapons
 H - a +3 short sword
Missiles
 g - a throwing net (quivered)
Armour
 s - the +5 ring mail of the Spheres (worn) {*Contam rElec rCorr Int+3}
   (You found it on level 6 of the Dungeon)

   It affects your intelligence (+3).
   It insulates you from electricity.
   It causes magical contamination when unequipped.
   It provides partial protection from all sources of acid and corrosion.
 t - a +2 cloak (worn)
 y - a +3 leather armour of cold resistance
 G - the +3 shield "Hekaegh" {SInv, unknown}
   (You found it on level 7 of the Dungeon)

   It lets you see invisible.
 O - a +2 pair of gloves of strength (worn)
 P - the +8 ice dragon scales of the Thirsty Moons {rElec rF- rC++}
   (You found it in a bailey)

   It makes you vulnerable to fire.
   It greatly protects you from cold.
   It insulates you from electricity.
Magical Staves
 M - an uncursed staff of fire (weapon)
Jewellery
 n - a ring of magical power (left hand)
 o - an uncursed ring of flight
 x - an uncursed ring of protection from magic
 A - the amulet of Beomih (around neck) {Faith Str+4}
   (You found it on level 7 of the Dungeon)

   [amulet of faith]

   It allows you to gain divine favour quickly.
   It affects your strength (+4).
 I - the ring of Hoecwumn (right hand) {*Slow +Inv rPois MR+ Slay+3}
   (You took it off a tengu warrior on level 7 of the Dungeon)

   [ring of protection from magic]

   It affects your accuracy and damage with ranged weapons and melee attacks
   (+3).
   It protects you from poison.
   It affects your resistance to hostile enchantments.
   It lets you turn invisible.
   It may slow you when you take damage.
 W - a cursed amulet of inaccuracy {unknown}
Wands
 u - a wand of polymorph (10)
 C - a wand of acid (13)
 J - a wand of disintegration (16)
 K - a wand of clouds (8)
 N - a wand of flame (13)
 Q - a wand of digging (6)
Scrolls
 b - 4 scrolls of enchant weapon
 e - 3 scrolls of blinking {unknown}
 f - 3 scrolls of immolation
 h - 2 scrolls of random uselessness {unknown}
 i - 12 scrolls of remove curse
 j - 5 scrolls of magic mapping
 m - 4 scrolls of enchant armour {unknown}
 q - 2 scrolls of amnesia
 v - 3 scrolls of fear {unknown}
 B - 3 scrolls of teleportation
 R - a scroll of summoning {unknown}
 T - a scroll of acquirement {unknown}
 U - a scroll of fog {unknown}
 V - a scroll of silence {unknown}
Potions
 a - a potion of invisibility {unknown}
 d - 2 potions of ambrosia
 k - 5 potions of curing
 l - 5 potions of heal wounds
 p - 4 potions of haste
 r - a potion of brilliance
 w - a potion of magic {unknown}
 z - 3 potions of might {unknown}
 D - a potion of cancellation {unknown}
 F - a potion of berserk rage
 L - a potion of resistance
 S - 2 potions of agility {unknown}
Miscellaneous
 E - a phial of floods
Comestibles
 c - 35 rations
 X - 2 chunks of flesh


   Skills:
 + Level 2.0 Fighting
 + Level 5.5 Armour
 + Level 5.7 Dodging
 + Level 6.7 Stealth
 + Level 15.9 Spellcasting
 + Level 12.7 Conjurations
 + Level 5.6 Hexes
 + Level 2.7 Translocations
 + Level 4.0 Fire Magic
 * Level 3.5 Ice Magic
 + Level 1.4 Air Magic
 + Level 3.5 Poison Magic
 + Level 0.5 Evocations


You had 3 spell levels left.
You knew the following spells:

 Your Spells              Type           Power        Failure   Level  Hunger
a - Magic Dart            Conj           ####         1%          1    None
b - Searing Ray           Conj           ######       1%          2    None
c - Summon Ice Beast      Ice/Summ       ####....     21%         4    None
d - Fulminant Prism       Conj/Hex       ######....   1%          4    None
e - Blink                 Tloc           N/A          1%          2    None
f - Conjure Flame         Conj/Fire      #######.     1%          3    None
g - Mephitic Cloud        Conj/Pois/Air  ######..     1%          3    None
h - Iskenderun's Mystic   Conj           #######.     1%          4    None
i - Cause Fear            Hex            ######....   4%          4    None
j - Confuse               Hex            ######..     1%          3    None
k - Sticky Flame          Conj/Fire      #######.     1%          4    None
l - Fireball              Conj/Fire      #######...   3%          5    None

Your spell library contained the following spells:

 Spells                   Type           Power        Failure   Level  Hunger
 Corona                   Hex            ######.      1%          1    None
 Flame Tongue             Conj/Fire      #####        1%          1    None
 Ensorcelled Hibernation  Hex/Ice        #####.       1%          2    None
 Slow                     Hex            ######..     1%          2    None
 Throw Flame              Conj/Fire      ######       1%          2    None
 Dazzling Spray           Conj/Hex       ######       1%          3    None
 Inner Flame              Hex/Fire       ######..     1%          3    None
 Stone Arrow              Conj/Erth      ######       1%          3    None
 Tukima's Dance           Hex            ######..     1%          3    None
 Portal Projectile        Hex/Tloc       #####.       2%          3    None
 Shroud of Golubria       Chrm/Tloc      ####......   3%          2    None
 Sandblast                Erth           ###...       4%          1    None
 Call Imp                 Summ           ###.....     6%          2    None
 Passwall                 Tmut/Erth      ###.....     6%          2    None
 Force Lance              Conj/Tloc      ######..     1%          4    None
 Leda's Liquefaction      Hex/Erth       #####.....   13%         4    None
 Bolt of Cold             Conj/Ice       ######....   22%         6    ###....
 Petrify                  Tmut/Erth      ###.....     38%         4    None
 Freezing Cloud           Conj/Ice/Air   ######....   50%         6    ###....
 Lee's Rapid Deconstruct  Erth           ###.......   75%         5    None
 Dispersal                Tloc           #####.....   91%         6    ###....
 Glaciate                 Conj/Ice       ######....   100%        9    #######


Dungeon Overview and Level Annotations

Branches:
Dungeon (11/15)            Temple (1/1) D:4            Lair (3/6) D:9
    Orc (1/2) D:11
  Swamp: Lair:2-4    Shoals: Lair:2-4     Snake: Lair:2-4    Spider: Lair:2-4

Altars:
Ashenzari
Cheibriados
Dithmenos
Elyvilon
Fedhas
Gozag
Hepliaklqana
Kikubaaqudgha
Makhleb
Nemelex Xobeh
Okawaru
Qazlal
Ru
Sif Muna
Trog
Uskayaw
Vehumet
Wu Jian
Xom
Yredelemnul
Zin
The Shining One

Portals:
Trove: D:11 (give +3 shadow dragon scales)

Annotations:
D:4 exclusion: statue
Lair:1 3 runed translucent doors, Jaiteiro's ghost, journeyman VSFi


Message History

You feel a surge of power!
The sticky flame hits the spiny frog.
The spiny frog is lightly wounded.
The spiny frog is covered in liquid flames!
The spiny frog burns!
The blink frog burns!
The bullfrog closely misses you. The spiny frog completely misses you.
The blink frog closely misses you.
Unknown command.
Casting: Sticky Flame (safe; 1% risk of failure)
Confirm with . or Enter, or press ? or * to list all spells.
Aiming: Sticky Flame (safe; 1% risk of failure)
Press: ? - help, Shift-Dir - straight line, f - bullfrog, p - spiny frog
Aim: a bullfrog You feel a surge of power!
The sticky flame hits the bullfrog.
The bullfrog is lightly wounded.
The bullfrog is covered in liquid flames!
The spiny frog burns!
The blink frog burns!
The blink frog stops burning.
The bullfrog burns!
The bullfrog hits you. The blink frog completely misses you.
The spiny frog stings you!!
* * * LOW HITPOINT WARNING * * *
The bullfrog barely misses you. The blink frog hits you.
You die...

#.......#.......#
##..
##............#.#
#...
##.......≈≈≈...#
#...
##.....≈≈≈≈≈..##
#...
#.....≈≈≈≈≈≈≈.##
##..
#......≈≈≈≈≈≈..# #..
#......≈≈≈≈≈≈.###
#..
##...FF.≈≈≈≈≈.#.#
#.. ##..@F≈≈≈≈≈≈..##
#.. #....≈≈≈≈≈≈≈.##
##. #P.....≈≈≈≈.##
##. ##....≈≈.≈..#
##.. #..P.P.....#
#.#. #..........##
##.. #...#.......#
###..
#.....#.#...####.#..
##......##..##.....P


You could see a spiny frog (burning), a blink frog and a bullfrog (burning).

Vanquished Creatures
  A vault guard (D:11)
  A hydra (Lair:1)
  A two-headed ogre (D:10)
  A tengu warrior (D:7)
  Sonja (D:11)
  An unseen horror (D:11)
  Pikel (D:6)
  A manticore (D:11)
  A cyclops (D:11)
  Maurice (D:9)
  A guardian serpent (D:10)
  A black mamba (Lair:3)
  A gargoyle (D:7)
  8 spiny frogs
  A rime drake (Lair:1)
  A komodo dragon (Lair:1)
  A hornet (D:7)
  13 blink frogs
  2 hippogriffs
  A wyvern (D:8)
  Eustachio (D:6)
  18 yaks
  A hungry ghost (D:10)
  4 porcupines
  3 water moccasins
  13 orc warriors
  2 black bears (Lair:2)
  2 ice beasts
  2 sky beasts
  4 ogres
  5 phantoms
  2 centaurs
  5 crocodiles
  Blork the orc (D:5)
  5 bullfrogs
  A big kobold (D:8)
  A water moccasin skeleton (D:5)
  A scorpion (D:5)
  9 killer bees
  10 wights
  7 howler monkeys
  2 electric eels
  11 jellies
  4 crimson imps
  A quasit (D:11)
  7 hounds
  7 orc priests
  A bullfrog skeleton (D:5)
  3 iguanas
  13 orc wizards
  6 worker ants
  A killer bee zombie (D:10)
  A hound skeleton (D:5)
  2 worker ant zombies
  A howler monkey zombie (D:8)
  A howler monkey skeleton (D:5)
  8 adders
  2 shadow imps
  7 oozes (D:4)
  An adder zombie (D:8)
  An adder skeleton (D:7)
  4 worms
  9 dart slugs
  7 leopard geckos
  58 orcs
  2 ball pythons
  6 giant cockroaches
  10 goblins
  12 hobgoblins
  4 jackals
  4 quokkas
  6 bats
  5 frilled lizards
  A jackal skeleton (D:8)
  15 kobolds
  A leopard gecko zombie (D:5)
  5 rats
366 creatures vanquished.

Vanquished Creatures (others)
  4 slaves (D:6)
  A howler monkey (D:6)
  5 orcs
  3 bushes (D:9)
  41 fulminant prisms
  2 fungi (D:4)
  A plant (Lair:1)
  9 toadstools (D:4)
66 creatures vanquished.

Grand Total: 432 creatures vanquished

Notes
Turn   | Place    | Note
-------+----------+-------------------------------------------
     0 | D:1      | doot the Deep Elf Conjurer began the quest for the Orb.
     0 | D:1      | Reached XP level 1. HP: 10/10 MP: 6/6
   186 | D:1      | Reached XP level 2. HP: 15/15 MP: 1/8
   190 | D:1      | Learned a level 2 spell: Searing Ray
   443 | D:1      | Reached skill level 5 in Conjurations
   761 | D:1      | Reached XP level 3. HP: 18/19 MP: 6/9
   806 | D:1      | Learned a level 3 spell: Dazzling Spray
   973 | D:2      | Reached XP level 4. HP: 12/24 MP: 0/11
  1118 | D:2      | Found a deep blue altar of Sif Muna.
  1146 | D:2      | Became a worshipper of Sif Muna the Loreminder
  1206 | D:2      | Found a shadowy altar of Dithmenos.
  1653 | D:2      | Found a faded altar of an unknown god.
  2018 | D:2      | Reached skill level 4 in Spellcasting
  2428 | D:3      | Learned a level 4 spell: Fulminant Prism
  2440 | D:3      | Reached XP level 5. HP: 28/28 MP: 8/13
  2944 | D:3      | Found a burning altar of Makhleb.
  3238 | D:4      | Found a staircase to the Ecumenical Temple.
  3248 | Temple   | Entered the Ecumenical Temple
  3295 | D:4      | Learned a level 2 spell: Blink
  3487 | D:4      | Reached * piety under Sif Muna
  3665 | D:4      | Reached XP level 6. HP: 20/32 MP: 6/15
  3796 | D:4      | Reached skill level 5 in Spellcasting
  4177 | D:4      | Learned a level 3 spell: Conjure Flame
  4276 | D:4      | Found a radiant altar of Vehumet.
  4486 | D:5      | Entered Level 5 of the Dungeon
  4541 | D:5      | Noticed a water moccasin
  4551 | D:5      | Killed a water moccasin
  4551 | D:5      | Reached XP level 7. HP: 36/36 MP: 17/17
  4593 | D:5      | Noticed an air elemental
  4603 | D:5      | Noticed a water elemental
  4605 | D:5      | Found a stormy altar of Qazlal.
  4614 | D:5      | Noticed Blork the orc
  4650 | D:5      | Reached ** piety under Sif Muna
  4650 | D:5      | Reached skill level 6 in Spellcasting
  4781 | D:5      | Killed Blork the orc
  4967 | D:5      | Reached skill level 5 in Stealth
  4967 | D:5      | Reached skill level 1 in Hexes
  5106 | D:5      | Reached XP level 8. HP: 41/41 MP: 20/20
  5209 | D:5      | Reached skill level 7 in Spellcasting
  5734 | D:6      | Noticed Pikel
  5761 | D:6      | Killed Pikel
  5761 | D:6      | Reached skill level 8 in Spellcasting
  5966 | D:6      | Got a transparent ring mail
  5977 | D:6      | Identified the +5 ring mail of the Spheres {*Contam rElec
                  | rCorr Int+3} (You found it on level 6 of the Dungeon)
  6212 | D:5      | Reached *** piety under Sif Muna
  6456 | D:6      | Reached skill level 1 in Fighting
  6526 | D:6      | Found a white marble altar of Elyvilon.
  6876 | D:6      | Reached skill level 9 in Spellcasting
  6876 | D:6      | Reached XP level 9. HP: 39/47 MP: 24/24
  6933 | D:6      | Learned a level 3 spell: Mephitic Cloud
  7005 | D:6      | Found a hide-covered altar of Uskayaw.
  7178 | D:6      | Noticed Eustachio
  7278 | D:6      | Killed Eustachio
  7378 | D:6      | Reached skill level 1 in Armour
  7571 | D:7      | Reached skill level 1 in Poison Magic
  7760 | D:7      | Reached skill level 10 in Conjurations
  8095 | D:7      | Reached **** piety under Sif Muna
  8302 | D:7      | Reached skill level 10 in Spellcasting
  8485 | D:7      | Noticed a tengu warrior
  8496 | D:7      | Identified the cursed ring of Agyumoi {Dex+4 Slay-3 SInv}
  8497 | D:7      | Got a shimmering bronze amulet
  8757 | D:7      | Got a faintly glowing shield
  8758 | D:7      | Identified the amulet of Beomih {Faith Str+4} (You found it
                  | on level 7 of the Dungeon)
  8882 | D:8      | Learned a level 4 spell: Iskenderun's Mystic Blast
  9198 | D:8      | Reached XP level 10. HP: 53/53 MP: 26/26
  9245 | D:8      | Reached skill level 11 in Spellcasting
  9575 | D:8      | Found an iron altar of Okawaru.
  9575 | D:8      | Found a bloodstained altar of Trog.
  9706 | D:8      | Reached ***** piety under Sif Muna
  9858 | D:9      | Reached skill level 1 in Translocations
 10021 | D:9      | Received a gift from Sif Muna
 10021 | D:9      | Reached skill level 1 in Fire Magic
 10021 | D:9      | Reached skill level 5 in Dodging
 10230 | D:9      | Learned a level 4 spell: Cause Fear
 10740 | D:9      | Reached skill level 12 in Spellcasting
 11012 | D:9      | Found a staircase to the Lair.
 11146 | D:9      | Noticed Maurice
 11155 | D:9      | Killed Maurice
 11263 | D:9      | Found a shattered altar of Ashenzari.
 11308 | D:10     | Entered Level 10 of the Dungeon
 11425 | D:10     | Found a flagged portal.
 11426 | D:10     | Noticed a guardian serpent
 11434 | Bailey   | Entered a bailey
 11772 | Bailey   | Reached XP level 11. HP: 57/57 MP: 29/29
 11971 | Bailey   | Got transparent ice dragon scales
 12088 | D:10     | Reached skill level 13 in Spellcasting
 12367 | D:10     | Noticed a two-headed ogre
 12391 | D:10     | Killed a two-headed ogre
 12391 | D:10     | Reached skill level 1 in Air Magic
 12656 | D:10     | Received a gift from Sif Muna
 12664 | D:10     | Learned a level 3 spell: Confuse
 13263 | D:7      | Identified the ring of Hoecwumn {*Slow +Inv rPois MR+
                  | Slay+3}
 13272 | D:7      | Killed a tengu warrior
 14083 | D:11     | Learned a level 4 spell: Sticky Flame
 14194 | D:11     | Noticed Sonja
 14196 | D:11     | Killed Sonja
 14383 | D:11     | Reached skill level 14 in Spellcasting
 14630 | D:11     | Noticed an unseen horror
 14634 | D:11     | Killed an unseen horror
 14945 | D:11     | Learned a level 5 spell: Fireball
 15224 | D:11     | Found a staircase to the Orcish Mines.
 15600 | D:11     | Noticed a vault guard
 15616 | D:11     | Killed a vault guard
 15759 | D:11     | Found a portal to a secret trove of treasure.
 15948 | D:11     | Identified the +8 ice dragon scales of the Thirsty Moons
                  | {rElec rF- rC++} (You found it in a bailey)
 15983 | Orc:1    | Entered Level 1 of the Orcish Mines
 16134 | Lair:1   | Entered Level 1 of the Lair of Beasts
 16138 | Lair:1   | Reached skill level 5 in Hexes
 16259 | Lair:1   | Found a runed translucent gate.
 16259 | Lair:1   | Found a runed translucent gate.
 16259 | Lair:1   | Found a runed translucent gate.
 16275 | Lair:1   | Noticed an ice dragon
 16303 | Lair:1   | Noticed Jaiteiro's ghost (journeyman VSFi)
 16633 | Lair:1   | Reached skill level 5 in Armour
 16633 | Lair:1   | Reached XP level 12. HP: 62/62 MP: 30/32
 16647 | Lair:1   | Noticed an eight-headed hydra
 16660 | Lair:1   | Identified Sif Muna's Catalogue of Snow and Translocation
                  | (Sif Muna gifted it to you on level 1 of the Lair of
                  | Beasts)
 16660 | Lair:1   | Received a gift from Sif Muna
 16665 | Lair:1   | Killed an eight-headed hydra
 16676 | Lair:1   | Learned a level 4 spell: Summon Ice Beast
 16774 | Lair:1   | Reached skill level 15 in Spellcasting
 16797 | Lair:1   | Reached skill level 1 in Ice Magic
 19042 | Lair:2   | HP: 3/62 [spiny frog (19)]
 19042 | Lair:2   | Slain by a blink frog

Skill      XL: |  1  2  3  4  5  6  7  8  9 10 11 12 |
---------------+-------------------------------------+-----
Conjurations   | 5 6 7 8 9 10 11 12 | 12.7
Stealth        | 3 4 5 6 |  6.7
Spellcasting   | 4 5 6 9 10 12 14 15 | 15.9
Dodging        | 3 4 5 |  5.7
Hexes          | 1 2 5 |  5.6
Fighting       | 1 2 |  2.0
Armour         | 3 4 5 |  5.5
Poison Magic   | 1 2 3 |  3.5
Translocations | 1 2 |  2.7
Fire Magic     | 2 3 4 |  4.0
Air Magic      | 1 |  1.4
Ice Magic      | 3 |  3.5
Evocations     | |  0.5

Action                   |  1- 3 |  4- 6 |  7- 9 | 10-12 || total
-------------------------+-------+-------+-------+-------++-------
Melee: Unarmed           |     2 |       |     1 |     1 ||     4
       Short sword       |       |       |       |     2 ||     2
       Staff             |       |       |       |     1 ||     1
 Cast: Magic Dart        |    33 |    95 |   110 |    47 ||   285
       Searing Ray       |     6 |    22 |    58 |    67 ||   153
       Fulminant Prism   |       |     1 |    21 |    19 ||    41
       Conjure Flame     |       |     1 |     2 |    18 ||    21
       Blink             |       |       |     3 |    11 ||    14
       Mephitic Cloud    |       |       |     2 |    17 ||    19
       Iskenderun's Myst |       |       |       |   105 ||   105
       Confuse           |       |       |       |    14 ||    14
       Sticky Flame      |       |       |       |    33 ||    33
Invok: Divine Energy     |       |     1 |       |       ||     1
 Abil: Stop Flying       |       |       |       |     1 ||     1
       Evoke Invisibilit |       |       |       |     1 ||     1
       Evoke Flight      |       |       |       |     1 ||     1
  Use: Scroll            |       |     1 |     8 |     6 ||    15
       Potion            |       |       |     1 |       ||     1
 Stab: Confused          |       |       |       |     1 ||     1
  Eat: Chunk             |       |    12 |    11 |    23 ||    46
       Ration            |       |       |     1 |     2 ||     3
Armor: Robe              |     2 |     5 |     8 |       ||    15
       Ring mail         |       |       |    55 |    54 ||   109
Dodge: Dodged            |    14 |    18 |    71 |    81 ||   184
